 Dungeon Crawl Stone Soup version 0.22.1-2-g9c5b331 (webtiles) character file.

93 Lilu the Magician (level 4, -3/25 HPs)
             Began as a Deep Elf Wizard on Dec 10, 2018.
             Was a Believer of Elyvilon.
             Slain by Ijyb
             ... wielding a +2 dagger of distortion
              (13 damage)
             ... on level 3 of the Dungeon.
             The game lasted 00:06:41 (1993 turns).

Lilu the Magician (Deep Elf Wizard)                 Turns: 1993, Time: 00:06:42

Health: -3/25      AC:  2    Str:  4    XL:     4   Next: 36%
Magic:  2/12       EV: 13    Int: 24    God:    Elyvilon [**....]
Gold:   152        SH:  0    Dex: 13    Spells: 3/12 levels left

rFire    . . .     SeeInvis .   p - +0 club
rCold    . . .     Gourm    .   (no shield)
rNeg     . . .     Faith    .   a - +0 robe
rPois    .         Spirit   .   b - +0 hat
rElec    .         Reflect  .   (no cloak)
rCorr    .         Harm     .   (no gloves)
MR       .....                  (no boots)
Stlth    ++........             i - amulet of rage
HPRegen  0.08/turn              (no ring)
MPRegen  0.13/turn              (no ring)

@: very slightly contaminated
A: no striking features
a: Lesser Healing, Heal Other, Divine Protection, Renounce Religion, Evoke
Berserk Rage


You were on level 3 of the Dungeon.
You worshipped Elyvilon.
Elyvilon was pleased with you.
You were not hungry.

You visited 1 branch of the dungeon, and saw 3 of its levels.

You collected 152 gold pieces.

Inventory:

Hand Weapons
 p - a +0 club (weapon)
 q - a +0 hunting sling
Missiles
 h - 41 poisoned needles
 r - 19 stones (quivered)
Armour
 a - a +0 robe (worn)
 b - a +0 hat (worn)
Jewellery
 i - an amulet of rage (around neck)
Scrolls
 c - a scroll of blinking {unknown}
 e - a scroll of random uselessness {unknown}
 g - a scroll of immolation {unknown}
 j - 4 scrolls of identify {unknown}
 k - a scroll of enchant weapon {unknown}
 m - a scroll of magic mapping {unknown}
 o - a scroll of amnesia {unknown}
 u - a scroll of remove curse {unknown}
Potions
 f - a potion of lignification {unknown}
 l - 5 potions of curing
 n - a potion of degeneration {unknown}
 s - a potion of cancellation {unknown}
 t - a potion of resistance {unknown}
Comestibles
 d - 6 rations


   Skills:
 + Level 1.3 Fighting
 + Level 3.4 Dodging
 - Level 2.4 Stealth
 - Level 4.6 Spellcasting
 * Level 3.3 Conjurations
   Level 1.1 Summonings
 - Level 1.1 Translocations


You had 3 spell levels left.
You knew the following spells:

 Your Spells              Type           Power        Failure   Level  Hunger
a - Magic Dart            Conj           ###.         2%          1    None
b - Mephitic Cloud        Conj/Pois/Air  ##......     17%         3    ##.....
c - Conjure Flame         Conj/Fire      ##......     14%         3    ##.....
d - Blink                 Tloc           N/A          9%          2    None

Your spell library contained the following spells:

 Spells                   Type           Power        Failure   Level  Hunger
 Call Imp                 Summ           ##......     9%          2    None
 Slow                     Hex            #.......     14%         2    None


Dungeon Overview and Level Annotations

Branches:
Dungeon (3/15)

Altars:
Elyvilon
Okawaru

Annotations:
D:2 Robin
D:3 Ijyb


Message History

Ijyb is severely wounded.
Ijyb screams, "Me be nice to you!
Me promise!"
Ijyb barely misses you.
You hit Ijyb but do no damage.
Ijyb is severely wounded.
You barely miss Ijyb.
Ijyb is severely wounded.
Ijyb hits you with a dagger of distortion.
You feel strangely unstable.
You hit Ijyb but do no damage.
Ijyb is severely wounded.
Ijyb seems less confused.
Ijyb closely misses you.
Ijyb hits you with a dagger of distortion.
You feel strangely stable.
You hit Ijyb but do no damage.
Ijyb is severely wounded.
Ijyb hits you with a dagger of distortion.
Space warps horribly around you!
Ouch! That really hurt!
You die...

... ....# .#
#........# .... .).#
#. #####.##.# ....
.†. ..### #.....
#..##)# .#...######
###...
#...#.###..........#
#### #.....(#
#........ ##
###†#..# #........
#. #..#.# #g.......
.. ##.#..###@.......
## #.÷##..#.........
#.#..#............
..###.##...........
## #..
##......#...... ##.
#. ##......##.##.
#.. . ##......#....
. #.# #.
##......##..
#.>###.#
##.....##..###.....#


You could see Ijyb.

Vanquished Creatures
  A worker ant (D:3)
  3 adders
  An ooze (D:2)
  A dart slug (D:1)
  2 bats (D:3)
  5 goblins
  3 hobgoblins (D:2)
  11 jackals
  A quokka (D:2)
  2 frilled lizards (D:2)
  4 kobolds
  2 rats
36 creatures vanquished.

Notes
Turn   | Place    | Note
-------+----------+-------------------------------------------
     0 | D:1      | Lilu the Deep Elf Wizard began the quest for the Orb.
     0 | D:1      | Reached XP level 1. HP: 10/10 MP: 7/7
   720 | D:2      | Found an iron altar of Okawaru.
   724 | D:2      | Reached XP level 2. HP: 15/15 MP: 6/9
   836 | D:2      | Noticed Robin
  1036 | D:2      | Reached XP level 3. HP: 20/20 MP: 0/11
  1158 | D:2      | Found a faded altar of an unknown god.
  1172 | D:2      | Became a worshipper of Elyvilon the Healer
  1172 | D:2      | Reached * piety under Elyvilon
  1188 | D:2      | Reached skill level 1 in Fighting
  1458 | D:2      | You fall through a shaft!
  1549 | D:3      | Reached ** piety under Elyvilon
  1827 | D:3      | Reached XP level 4. HP: 20/25 MP: 4/12
  1887 | D:3      | Learned a level 3 spell: Mephitic Cloud
  1891 | D:3      | Learned a level 3 spell: Conjure Flame
  1894 | D:3      | Learned a level 2 spell: Blink
  1918 | D:3      | Noticed Ijyb
  1993 | D:3      | Slain by Ijyb

Skill      XL: |  1  2  3 |
---------------+----------+-----
Conjurations   | 2 3 |  3.3
Dodging        | 3 |  3.4
Fighting       | 1 |  1.3
Stealth        | |  2.4
Spellcasting   | |  4.6
Summonings     | |  1.1
Translocations | |  1.1

Action                   |  1- 3 |  4- 6 || total
-------------------------+-------+-------++-------
Melee: Club              |       |    13 ||    13
 Fire: Hunting sling     |       |     1 ||     1
 Cast: Magic Dart        |    79 |     6 ||    85
       Mephitic Cloud    |       |     2 ||     2
       Conjure Flame     |       |     1 ||     1
 Stab: Confused          |       |     1 ||     1
  Eat: Chunk             |     2 |     1 ||     3
Armor: Robe              |     2 |     7 ||     9
Dodge: Dodged            |     9 |    18 ||    27
